 Dungeon Crawl Stone Soup version 0.27.0-1-g7a089689b8 (webtiles) character file.

Game seed: 2183254203410862152

425 gimp the Skirmisher (level 6, -10/49 HPs)
             Began as a Merfolk Necromancer on Aug 8, 2021.
             Mangled by an ogre (22 damage)
             ... on level 5 of the Dungeon.
             The game lasted 00:06:51 (4328 turns).

gimp the Skirmisher (Merfolk Necromancer)           Turns: 4328, Time: 00:06:52

Health: -10/49     AC: 10    Str: 10    XL:     6   Next: 96%
Magic:  6/9        EV: 12    Int: 14    God:
Gold:   89         SH:  0    Dex: 15    Spells: 8/9 levels left

rFire    . . .     SeeInvis .   i - +0 hand axe
rCold    . . .     Faith    .   (no shield)
rNeg     . . .     Spirit   .   k - +3 leather armour
rPois    .         Reflect  .   (no helmet)
rElec    .         Harm     .   f - +2 cloak
rCorr    .         Rampage  .   (no gloves)
Will     .....                  d - +0 pair of boots
Stlth    ++........             (no amulet)
HPRegen  0.16/turn              (no ring)
MPRegen  0.11/turn              (no ring)

@: flying
A: (nimble swimmer 2), mertail
a: no special abilities


You were on level 5 of the Dungeon.
You visited 1 branch of the dungeon, and saw 5 of its levels.

You collected 144 gold pieces.
You spent 55 gold pieces at shops.

Inventory:

Hand Weapons
 e - a +0 dagger
 i - a +0 hand axe (weapon)
Armour
 d - a +0 pair of boots (worn)
 f - a +2 cloak (worn)
 k - a +3 leather armour (worn)
Jewellery
 h - an amulet of faith
Scrolls
 c - 3 scrolls of noise {unknown}
 j - 3 scrolls of enchant weapon {unknown}
 p - a scroll of fear {unknown}
 q - a scroll of teleportation
 r - a scroll of fog
Potions
 a - a potion of magic
 b - a potion of cancellation {unknown}
 g - 2 potions of curing
 m - a potion of heal wounds


   Skills:
 + Level 4.5 Fighting
 * Level 4.3 Axes
 - Level 2.6 Dodging
 - Level 2.1 Stealth
 - Level 2.0 Spellcasting
 - Level 3.2 Necromancy


You had 8 spell levels left.
You knew the following spells:

 Your Spells              Type           Power      Damage    Failure   Level
a - Pain                  Necr           40%        1d6       9%          1

Your spell library contained the following spells:

 Spells                   Type           Power      Damage    Failure   Level
 Animate Skeleton         Necr           20%        N/A       9%          1
 Vampiric Draining        Necr           5%         2d6       26%         3
 Apportation              Tloc           2%         N/A       32%         1
 Corona                   Hex            1%         N/A       32%         1
 Freeze                   Ice            4%         1d3       32%         1
 Summon Small Mammal      Summ           4%         N/A       32%         1
 Animate Dead             Necr           5%         N/A       63%         4
 Frozen Ramparts          Ice            2%         1d2       67%         3
 Agony                    Necr           10%        N/A       93%         5
 Hailstorm                Conj/Ice       1%         3d3       97%         4


Dungeon Overview and Level Annotations

Branches:
Dungeon (5/15)
 Temple: D:4-7

Altars:
Yredelemnul
Zin

Shops:
D:2 (*?


Innate Abilities, Weirdness & Mutations

((You are quick and stealthy near water. (Stealth+, EV+, Speed+++)))
Your lower body shifts to a powerful aquatic tail in water.


Message History

You slash the ogre!
The ogre is heavily wounded.
The ogre barely misses you.
You barely miss the ogre.
The ogre is heavily wounded.
The ogre closely misses you.
You hit the ogre.
The ogre is severely wounded.
You hit the ogre.
The ogre is almost dead.
The ogre hits you with a +0 giant club!
You take 13 damage, and have 20/49 hp.
MASSIVE DAMAGE!!
You are too injured to fight recklessly!
You are too injured to fight recklessly!
You are too injured to fight recklessly!
You are too injured to fight recklessly!
Casting: Pain (safe; 9% risk of failure)
Confirm with . or Enter, or press ? or * to list all spells.
Aiming: Pain (safe; 9% risk of failure)
Press: ? - help, Shift-Dir - straight line, f - ogre
Aim: an ogre, wielding a +0 giant club (almost dead, chance to affect: 63%)
The ogre writhes in agony.
The ogre closely misses you.
You take 1 damage, and have 19/49 hp.
You now have 8/9 mp.
Casting: Pain (safe; 9% risk of failure)
Confirm with . or Enter, or press ? or * to list all spells.
Aiming: Pain (safe; 9% risk of failure)
Press: ? - help, Shift-Dir - straight line, f/p - ogre
Aim: an ogre, wielding a +0 giant club (almost dead, chance to affect: 63%)
The ogre resists with significant effort.
The ogre hits you with a +0 giant club.
* * * LOW HITPOINT WARNING * * *
You take 6 damage, and have 13/49 hp.
You now have 7/9 mp.
Casting: Pain (safe; 9% risk of failure)
Confirm with . or Enter, or press ? or * to list all spells.
Aiming: Pain (safe; 9% risk of failure)
Press: ? - help, Shift-Dir - straight line, f/p - ogre
Aim: an ogre, wielding a +0 giant club (almost dead, chance to affect: 63%)
The ogre resists with significant effort.
The ogre hits you with a +0 giant club!!
You die...

#########......#
#..#............
#.......O......#
#....##.........
#.>..###........
#....#$#........
##.....##(......
#...##.O.........
##.. #..@...?....
#.......#........
#......##.....#.#
....#.## #..#####
...#### .## . .#
.. # ... ... ....


You could see an ogre.

Vanquished Creatures
  A phantom (D:4)
  A scorpion (D:4)
  A water moccasin skeleton (D:5)
  A bullfrog skeleton (D:4)
  2 iguanas
  Terence (D:3)
  Natasha (twice) (D:4)
  3 adders
  2 dart slugs (D:2)
  7 orcs
  4 endoplasms
  7 goblins
  5 hobgoblins
  9 kobolds
  3 quokkas
  2 ball pythons (D:2)
  7 bats
  2 frilled lizards (D:2)
  3 rats (D:3)
63 creatures vanquished.

Notes
Turn   | Place    | Note
-------+----------+-------------------------------------------
     0 | D:1      | gimp the Merfolk Necromancer began the quest for the Orb.
     0 | D:1      | Reached XP level 1. HP: 13/13 MP: 3/3
   269 | D:1      | Reached skill level 1 in Fighting
   359 | D:1      | Reached XP level 2. HP: 15/22 MP: 0/5
  1054 | D:2      | Found a basalt altar of Yredelemnul.
  1206 | D:2      | Found Zadaowke's Weapon Emporium.
  1358 | D:2      | Reached XP level 3. HP: 25/27 MP: 3/6
  1361 | D:2      | Reached skill level 1 in Axes
  1827 | D:2      | Found Facih's Magic Scroll Boutique.
  1839 | D:2      | Bought a scroll of teleportation for 33 gold pieces
  1849 | D:2      | Found Ymmassaes's Assorted Antiques.
  1893 | D:2      | Bought a scroll of fog for 22 gold pieces
  1917 | D:3      | Reached XP level 4. HP: 22/34 MP: 0/7
  2301 | D:3      | Noticed Terence
  2451 | D:3      | Killed Terence
  3020 | D:4      | Reached XP level 5. HP: 37/41 MP: 8/8
  3410 | D:4      | Noticed a phantom
  3436 | D:4      | Killed a phantom
  3597 | D:4      | Reached XP level 6. HP: 45/48 MP: 3/9
  3650 | D:4      | Noticed Natasha
  3670 | D:4      | Killed Natasha
  3828 | D:4      | Found a glowing silver altar of Zin.
  3853 | D:4      | Noticed Natasha
  3865 | D:4      | Killed Natasha
  4069 | D:5      | Entered Level 5 of the Dungeon
  4328 | D:5      | Mangled by an ogre

Illustrated notes

Levels and vault maps discovered:
D:1:      shiori_shiawase, layout_basic
D:2:      layout_basic, serial_shops, shop, shop, shop,
          nicolae_shop_competitors_out_of_business, basic_altar,
          kennysheep_generic_room_5
D:3:      layout_basic, hangedman_decor_push, kennysheep_nondescript,
          grunt_decor_one_mirror, uniq_terence
D:4:      layout_gridville, zin_statuary, uniq_natasha
D:5:      layout_cave_pools, mainiacjoe_overflow_tiny_flanked,
          amcnicky_mini_pool_small, nicolae_shop_self_help

Skill      XL: |  1  2  3  4  5  6 |
---------------+-------------------+-----
Fighting       | 1 2 3 4 |  4.5
Axes           | 1 2 3 4 |  4.3
Dodging        | |  2.6
Stealth        | |  2.1
Spellcasting   | |  2.0
Necromancy     | |  3.2

Action                   |  1- 3 |  4- 6 || total
-------------------------+-------+-------++-------
Melee: Dagger            |    25 |    33 ||    58
       Unarmed           |     1 |       ||     1
       Hand axe          |       |    81 ||    81
 Cast: Pain              |    73 |    85 ||   158
  Use: Scroll            |       |     5 ||     5
       Potion            |       |     4 ||     4
Armor: Robe              |     5 |       ||     5
       Leather armour    |    14 |    42 ||    56
       Skin              |       |    46 ||    46
Dodge: Dodged            |    28 |    89 ||   117
